[Event "*** Titled Tuesday Blitz"]
[Site "Chess.com"]
[Date "2020.05.05"]
[Round "9"]
[White "ketster"]
[Black "plumalka"]
[Result "1-0"]
[WhiteElo "2282"]
[BlackElo "2423"]
[TimeControl "180+1"]
[EndTime "11:48:15 PDT"]
[Termination "ketster won on time"]

1. d4 Nf6 2. c4 c5 3. d5 b5 4.
Nd2 bxc4 5. e4 d6 6. Bxc4 g6 7. b3 Bg7 8. Bb2 O-O 9. Ne2 Ba6 10. O-O Bxc4 11. bxc4 Nbd7 12. Qc2 Qa5 13. Bc3 Qa6 14.
Rab1 Nb6 15. Ba1 Rab8 16. f4 Qa4 17. Rb3 h5 18. h3 Qd7 19. e5 Nh7 20. e6 fxe6 21.
Qxg6 Nf6 22. Ne4 exd5 23. Rg3 e5 24. Nxf6+ Rxf6 25. Qxf6 d4 26. fxe5 dxe5 27. Qxe5 Rd8 28. Qxh5 Nxc4 29. Nf4 Ne3 30. Rff3 Nf5 31. Rg5 Rf8 32.
Ng6 Re8 33. Rgxf5 Re1+ 34. Rf1 Re8 35. Nh4 Re7 36. Qg6 1-0

[Event "*** Titled Tuesday Blitz"]
[Site "Chess.com"]
[Date "2020.05.05"]
[Round "9"]
[White "DrVelja"]
[Black "serhanberat_ozdemir"]
[Result "1-0"]
[WhiteElo "2659"]
[BlackElo "2503"]
[TimeControl "180+1"]
[EndTime "11:48:16 PDT"]
[Termination "DrVelja won on time"]

1. e4 c5 2. Nf3 e6 3. d4 cxd4 4. Nxd4 a6 5. Bd3 Bc5 6. Nb3 Ba7 7. Qg4 Nf6 8. Qe2 Nc6 9. c4 Qc7 10. Nc3 d6 11. Be3 O-O 12. Bxa7 Rxa7 13. O-O b6 14. Rac1 Qe7 15. Qe3 Ne5 16. Be2 Qc7 17. Nd2 Bb7 18.
f4 Ng6 19. Nf3 Ng4 20. Qd2 Qc5+ 21. Kh1 Nf2+ 22. Rxf2 Qxf2 23. Rf1 Qc5 24. f5 Ne5 25. Qg5 h6 26. Qg3 Nxf3 27. Rxf3 Qe5 28. Rf4 exf5 29. exf5 Qf6 30. Qf2 d5 31. cxd5 Rd8 32. Bf3 Raa8 33. h3 b5 34. a3 Rac8 35. Qd2 Qe5 36. Rd4 Rc4 37. Rxc4 bxc4 38. Qc2 Qd4 39. Qe2 Kh7 40. Qe7 Qb6 41. Qxf7 Ba8 42. Ne4 1-0

[Event "*** Titled Tuesday Blitz"]
[Site "Chess.com"]
[Date "2020.05.05"]
[Round "9"]
[White "EddieMarsalla"]
[Black "DenisQ"]
[Result "0-1"]
[WhiteElo "2520"]
[BlackElo "2667"]
[TimeControl "180+1"]
[EndTime "11:48:16 PDT"]
[Termination "DenisQ won by resignation"]

1. d4 d5 2. Bg5 Bf5 3. c3 c6 4.
Nd2 Nd7 5. e4 dxe4 6. Nc4 Ngf6 7. Qb3 Qc7 8. Ne3 Bg6 9. Ne2 e6 10. h4 h6 11. Bf4 Qb6 12. Nc4 Qxb3 13. axb3 Nd5 14. Bh2 Be7 15. Na5 O-O-O 16. Nf4 Nxf4 17. Bxf4 Nb6 18. Nxc6 bxc6 19. Rxa7 Rd7 20. Ra6 Kb7 21. Be2 Ra8 22. Rxa8 Kxa8 23. h5 Bh7 24. O-O Nd5 25. Bd2 Bd6 26. g3 Ra7 27. c4 Bb4 28. Bc1 Ne7 29.
f3 Ra1 30. fxe4 Bxe4 31. Kh2 Nf5 32. d5 cxd5 33. cxd5 Bxd5 34. g4 Nd4 35. Bd3 Nxb3 36. Rxf7 Nxc1 37. Bc2 Ra7 38. Rf1 Ne2 39. Kh3 Nd4 40. Bd3 Kb8 41. Rf4 Nc6 42. Bg6 Ne5 43. Bc2 Rb7 44. Bh7 Bd6 45. Rf2 Rb3+ 46. Kh4 Be7+ 0-1

[Event "*** Titled Tuesday Blitz"]
[Site "Chess.com"]
[Date "2020.05.05"]
[Round "9"]
[White "manuellarrea"]
[Black "m-garcett"]
[Result "0-1"]
[WhiteElo "2184"]
[BlackElo "2051"]
[TimeControl "180+1"]
[EndTime "11:48:17 PDT"]
[Termination "m-garcett won on time"]

1. e4 c5 2. Nf3 d6 3. d4 cxd4 4. Nxd4 Nf6 5. Nc3 a6 6. Bg5 e6 7. f4 h6 8. Bh4 Qb6 9. Qd2 Qxb2 10.
Rb1 Qa3 11. e5 dxe5 12. fxe5 Nfd7 13. Rb3 Qa5 14. Be2 Bc5 15. Bf2 O-O 16. O-O Nxe5 17. Kh1 Nbc6 18. Nxc6 Nxc6 19. Bxc5 Qxc5 20. Ne4 Qd4 21.
Nf6+ Kh8 22. Rd3 Qe5 23. Ng4 Qg5 24. Qe1 e5 25. Rg3 Bxg4 26. Rxg4 Qe7 27. Qg3 f5 28.
Rg6 Nd4 29. Bd3 e4 30. Bc4 Rf6 31. Rxf6 Qxf6 32. c3 Nc6 33. Qc7 Qe7 34. Qb6 Rf8 35.
g3 Ne5 36. Be2 Nd3 37. Bxd3 exd3 38. Qd4 Rd8 39. Qf4 Qe4+ 40. Qxe4 fxe4 0-1

[Event "*** Titled Tuesday Blitz"]
[Site "Chess.com"]
[Date "2020.05.05"]
[Round "9"]
[White "rasmussvane"]
[Black "Paladin61"]
[Result "1-0"]
[WhiteElo "2870"]
[BlackElo "2671"]
[TimeControl "180+1"]
[EndTime "11:48:19 PDT"]
[Termination "rasmussvane won on time"]

1. Nf3 Nf6 2. g3 g6 3. Bg2 Bg7 4. O-O O-O 5. d4 d6 6. Re1 Nbd7 7. e4 e5 8. Nc3 b6 9. a4 a6 10. b3 Bb7 11. dxe5 dxe5 12. Ba3 Re8 13. Qe2 Bf8 14. Bxf8 Nxf8 15. Rad1 Qe7 16. Nd5 Nxd5 17. exd5 e4 18. c4 Rad8 19. Nd4 f5 20. Qe3 Qf6 21. h4 Re7 22. b4 Red7 23. b5 a5 24. Rd2 Rf7 25. Qf4 Re8 26. f3 Qe5 27. Qxe5 Rxe5 28. fxe4 fxe4 29. Rxe4 Rxe4 30. Bxe4 Nd7 31. Ne6 Ne5 32.
d6 cxd6 33. Rxd6 h6 34. Bxb7 Rxb7 35. c5 bxc5 36. Nxc5 Rc7 37. b6 Rxc5 38. b7 Rc1+ 39. Kg2 Rc2+ 40. Kh3 Rb2 41. Rd8+ Kf7 42. b8=Q Rxb8 43.
Rxb8 Nc4 44. Rb5 Kf6 45. Rc5 1-0

[Event "*** Titled Tuesday Blitz"]
[Site "Chess.com"]
[Date "2020.05.05"]
[Round "9"]
[White "IwkooO"]
[Black "Angry_Twin"]
[Result "0-1"]
[WhiteElo "2573"]
[BlackElo "2822"]
[TimeControl "180+1"]
[EndTime "11:48:19 PDT"]
[Termination "Angry_Twin won by checkmate"]

1. e4 c5 2. Nf3 d6 3. d4 cxd4 4. Nxd4 Nf6 5. Nc3 a6 6. Be3 e5 7. Nb3 Be6 8. Qd2 h5 9. f4 b5 10.
O-O-O Nbd7 11. h3 Rc8 12. f5 Bc4 13. Rg1 h4 14. Kb1 b4 15. Nd5 Nxe4 16. Qxb4 Bxd5 17. Rxd5 Nef6 18. Rd1 d5 19. Qa4 d4 20. Bg5 Qc7 21.
Bxa6 Ra8 22. Qc4 Qa7 23. Bb5 Qxa2+ 24. Kc1 Qa7 25. Rge1 Be7 26. Rxe5 Kf8 27. Ree1 Rh5 28. Rxe7 Kxe7 29. Qb4+ Kd8 30. Bf4 Rxf5 31. Rxd4 Rxf4 32. Rxf4 Nd5 33. Qe4 Nxf4 34. Qxf4 Qg1+ 35. Kd2 Qxg2+ 36. Be2 Qd5+ 37. Bd3 f6 38. Qxh4 Ke7 39. Nd4 Ne5 40. Nf5+ Kd7 41. Qg3 g5 42. Ne3 Qf3 43. Bf5+ Ke7 44.
Qxf3 Nxf3+ 45. Kd3 Rd8+ 46. Ke4 Nd2# 0-1

[Event "*** Titled Tuesday Blitz"]
[Site "Chess.com"]
[Date "2020.05.05"]
[Round "9"]
[White "vwnv7"]
[Black "RubensCezila"]
[Result "1-0"]
[WhiteElo "2345"]
[BlackElo "2469"]
[TimeControl "180+1"]
[EndTime "11:48:19 PDT"]
[Termination "vwnv7 won by resignation"]

1. c4 Nf6 2. Nf3 g6 3. g3 Bg7 4. Bg2 O-O 5. d4 d6 6. Nc3 Nc6 7.
O-O a6 8. Bf4 Nh5 9. Bg5 h6 10.
Be3 e5 11. Qd2 exd4 12. Nxd4 Ne5 13. b3 Ng4 14. Rad1 Nxe3 15. Qxe3 Re8 16. Qd2 c6 17. e4 Bg4 18. f3 Bd7 19. Nde2 Qa5 20. g4 Nf4 21.
Qxf4 Bxc3 22. Nxc3 Qxc3 23. Rxd6 Be6 24. Qxh6 Qc2 25.
Rd2 Qc3 26. Rfd1 a5 27. h4 a4 28. h5 gxh5 29. Qxh5 Qe3+ 30. Kf1 axb3 31. axb3 Ra1 32.
Rxa1 Qxd2 33. Qa5 Qd3+ 34. Kf2 Qxb3 35. Qg5+ Kf8 36. Rh1 Qb2+ 37. Kg3 Qg7 38. Qc5+ Kg8 39. Rh5 f6 40. Rh1 Qf7 41. Qd6 Bxc4 42. Rh6 Be6 43. Qf4 Rf8 44. g5 Qg7 45. Rh5 f5 46. e5 Rd8 47. Rh6 Kf7 48. Rf6+ Ke7 49. Qb4+ 1-0

[Event "*** Titled Tuesday Blitz"]
[Site "Chess.com"]
[Date "2020.05.05"]
[Round "9"]
[White "MasterKroket"]
[Black "FeketeBarika"]
[Result "0-1"]
[WhiteElo "2419"]
[BlackElo "2314"]
[TimeControl "180+1"]
[EndTime "11:48:19 PDT"]
[Termination "FeketeBarika won by checkmate"]

1. d4 e6 2. c4 Nf6 3. Nf3 d5 4. Nc3 Be7 5. Bf4 O-O 6. e3 Nbd7 7. c5 c6 8. h3 Re8 9. Bd3 Bxc5 10. dxc5 e5 11.
Bg5 e4 12. Nd4 exd3 13. b4 Ne5 14. O-O h6 15. Bh4 Bd7 16. Qd2 Ne4 17. Nxe4 Qxh4 18.
Nd6 Rf8 19. f4 Nc4 20. Qxd3 Nxd6 21. cxd6 Qf6 22. a3 Rfe8 23. Nf3 Qxd6 24. Ne5 f6 25. Ng4 Bxg4 26. hxg4 Qe6 27. Rae1 Qxg4 28. b5 Re4 29. bxc6 bxc6 30. Qa6 Qe6 31. Rf3 Re8 32. Kf2 d4 33. Rg3 dxe3+ 34. Kg1 Re7 35. Re2 f5 36. Qa5 Rxf4 37. Rgxe3 Re4 38. Rxe4 fxe4 39. Re3 Qd5 40.
Qc3 Kh7 41. Kh2 Re5 42. Kg1 c5 43. Rg3 Qd4+ 44. Qxd4 cxd4 45. Kf2 e3+ 46. Ke1 d3 47. Rg4 d2+ 48. Ke2 Rd5 49. Rd4 Rxd4 50. Kxe3 d1=Q 51. g4 Qd3+ 52. Kf2 Rf4+ 53. Ke1 Re4+ 54. Kf2 Re2+ 55. Kg1 Qd1# 0-1

[Event "*** Titled Tuesday Blitz"]
[Site "Chess.com"]
[Date "2020.05.05"]
[Round "9"]
[White "Mikhail_Biryukov"]
[Black "Stormeman100100"]
[Result "0-1"]
[WhiteElo "2683"]
[BlackElo "2572"]
[TimeControl "180+1"]
[EndTime "11:48:21 PDT"]
[Termination "Stormeman100100 won by checkmate"]

1. e4 c5 2. Nf3 e6 3. d4 cxd4 4. Nxd4 Nc6 5. Nc3 Qc7 6. g3 a6 7. Bg2 Nf6 8. O-O Nxd4 9. Qxd4 Bc5 10. Qd3 d6 11. a3 h5 12. Bf4 e5 13. Bg5 Be6 14.
Rad1 Nh7 15. Be3 Nf6 16. Rfe1 h4 17. Bxc5 dxc5 18. Qd6 Qxd6 19. Rxd6 Ke7 20. Rb6 Rab8 21. Nd5+ Bxd5 22. exd5 Nd7 23. d6+ Ke6 24. Rxb7 Rxb7 25. Bxb7 hxg3 26. hxg3 Rb8 27. Bxa6 Rxb2 28. Bc4+ Kxd6 29.
Rd1+ Ke7 30. Bd3 Nb6 31. Ra1 c4 32. Be4 Na4 33. Kf1 g6 34. Rc1 f5 35. Bd5 Nb6 36. Bg8 c3 37. Bb3 Kd6 38. Ke2 e4 39. Ra1 Nd7 40.
Kd1 Nc5 41. Bf7 g5 42. a4 f4 43. gxf4 gxf4 44. a5 Rb7 45. Bc4 Ke5 46. a6 Rh7 47. Ra3 Rh1+ 48. Ke2 Kd4 49. f3 Rh2+ 50. Kf1 exf3 51. a7 Ne4 52. a8=Q Rh1# 0-1

[Event "*** Titled Tuesday Blitz"]
[Site "Chess.com"]
[Date "2020.05.05"]
[Round "9"]
[White "Tashik"]
[Black "XiaoKangZhong"]
[Result "0-1"]
[WhiteElo "2438"]
[BlackElo "2330"]
[TimeControl "180+1"]
[EndTime "11:48:21 PDT"]
[Termination "XiaoKangZhong won by resignation"]

1. c4 Nf6 2. Nc3 e5 3. Nf3 Nc6 4. e4 Bb4 5. d3 O-O 6. a3 Be7 7. g3 d6 8. Bg2 Nd4 9. Nxd4 exd4 10. Ne2 c5 11. O-O Rb8 12. b4 b5 13. bxc5 dxc5 14. Bf4 Rb6 15. cxb5 Rxb5 16. Rb1 Qa5 17. Qc2 Ba6 18. e5 Nd7 19. Bc6 Rxb1 20. Rxb1 Nb8 21. Be4 Nd7 22. Bb7 Qxa3 23. Bxa6 Qxa6 24. h4 Nb6 25.
Bg5 Bxg5 26. hxg5 Rc8 27. Nf4 Nd7 28. Qe2 Nf8 29. Qe4 Re8 30. Nd5 Qa2 31. Rb7 c4 32.
Qf4 Nd7 33. Rxd7 Rf8 34. e6 cxd3 35. Qxf7+ Rxf7 36. Ne7+ Kf8 37. Ng6+ hxg6 38. Rxf7+ Kg8 39. Rd7 Qxe6 40. Rxd4 d2 41. Kg2 Qe1 42. Rd8+ Kh7 43. Rd4 d1=Q 44. Rh4+ Kg8 0-1

[Event "*** Titled Tuesday Blitz"]
[Site "Chess.com"]
[Date "2020.05.05"]
[Round "9"]
[White "Gromes7"]
[Black "davigator"]
[Result "1-0"]
[WhiteElo "2127"]
[BlackElo "2270"]
[TimeControl "180+1"]
[EndTime "11:48:21 PDT"]
[Termination "Gromes7 won by checkmate"]

1. d4 Nf6 2. g3 b5 3. Bg2 d5 4. a4 b4 5. c3 bxc3 6. bxc3 e6 7. c4 Bb7 8. Nf3 dxc4 9. O-O Bd6 10. Qc2 Bd5 11. Nc3 O-O 12. e4 Bb7 13. e5 Be7 14. exf6 Bxf6 15. Be3 g6 16. Ne4 Bg7 17. Nfd2 Bd5 18. Nxc4 Nd7 19. Rfd1 c5 20. Rac1 Rc8 21. dxc5 Qe7 22. Ncd6 Rc6 23. Qe2 Rb8 24. Nb5 Ne5 25. Nbc3 Bb3 26. Rd6 Rcc8 27. a5 Nc6 28. a6 f5 29. Nd2 Na5 30. Nxb3 Nxb3 31. Rc2 Nxc5 32. Bxc5 Rxc5 33. Rd3 Rbc8 34. Bb7 R8c7 35. h4 Kf7 36. Kg2 Rxc3 37. Rdxc3 Rxc3 38. Rxc3 Bxc3 39. Qf3 Bd4 40. h5 g5 41. Qc6 g4 42. Bc8 Kf6 43. Qb7 Qd6 44.
Qxh7 Qd5+ 45. Kg1 Bxf2+ 46. Kxf2 Qf3+ 47. Ke1 Qxg3+ 48. Kd2 Qf4+ 49. Kc3 g3 50. Qg6+ Ke5 51. Qxe6# 1-0

[Event "*** Titled Tuesday Blitz"]
[Site "Chess.com"]
[Date "2020.05.05"]
[Round "9"]
[White "IMinTheWings"]
[Black "Gandrade2"]
[Result "1-0"]
[WhiteElo "2186"]
[BlackElo "2025"]
[TimeControl "180+1"]
[EndTime "11:48:24 PDT"]
[Termination "IMinTheWings won on time"]

1. d4 d5 2. Nc3 c6 3. Bf4 Nf6 4.
e3 Bf5 5. f3 e6 6. g4 Bg6 7. h4 h6 8. Bd3 Bxd3 9. Qxd3 Bd6 10. Nge2 Na6 11. a3 Qe7 12. Kd2 Nd7 13. Bxd6 Qxd6 14.
e4 dxe4 15. Nxe4 Qe7 16. c4 Nf6 17. N2g3 c5 18. d5 exd5 19. cxd5 O-O-O 20. d6 Qe5 21. Kc2 Kb8 22. Rad1 c4 23. Qd4 Qf4 24. Rhf1 Nd7 25. Kb1 g5 26. Nh5 Qe5 27. hxg5 Qb5 28. Nc3 Qb3 29. gxh6 Rxh6 30. Rfe1 Nac5 31. Re3 Nd3 32. Rd2 N7c5 33. Nf4 Rhxd6 34. Nxd3 Rxd4 35. Nxc5 Rxd2 36. Nxb3 cxb3 37. Re7 Rf2 38. Re1 Rdd2 39. Nd1 Rfe2 40. Rxe2 Rxe2 41. Kc1 Kc7 42. f4 Rg2 43. Nc3 Rc2+ 44.
Kd1 Rxb2 45. f5 1-0

[Event "*** Titled Tuesday Blitz"]
[Site "Chess.com"]
[Date "2020.05.05"]
[Round "9"]
[White "OparinGrigoriy"]
[Black "TigrVShlyape"]
[Result "1-0"]
[WhiteElo "2936"]
[BlackElo "2821"]
[TimeControl "180+1"]
[EndTime "11:48:25 PDT"]
[Termination "OparinGrigoriy won on time"]

1. Nf3 Nf6 2. g3 d5 3. Bg2 c6 4. O-O Bf5 5. c4 e6 6. cxd5 cxd5 7. Qb3 Qb6 8. Qxb6 axb6 9. d3 Nc6 10. Nc3 Bc5 11. Nh4 Bg6 12. Bd2 Ke7 13. Nb5 Rhc8 14. Nxg6+ hxg6 15. Rfc1 Nd4 16. Nc3 Bd6 17. Kf1 Kd7 18. e3 Nf5 19. Ke2 Bc5 20. a3 Be7 21. h3 Ne8 22. g4 Nh4 23. Bh1 g5 24. Nb5 Rc5 25. Rxc5 bxc5 26. e4 d4 27. e5 Ng6 28.
a4 Rb8 29. h4 Nxh4 30. Be4 f6 31. f4 f5 32. gxf5 Nxf5 33. fxg5 g6 34. Kf3 Neg7 35.
Rh1 Nh5 36. Rg1 b6 37. b4 cxb4 38. Rc1 Rc8 39. Rb1 Rc2 40. Bxb4 Bxb4 41. Rxb4 Nh4+ 42.
Kg4 Nf5 43. Nxd4 Rc1 44. Kf3 1-0

[Event "*** Titled Tuesday Blitz"]
[Site "Chess.com"]
[Date "2020.05.05"]
[Round "9"]
[White "RaphaeI"]
[Black "Poghosyan_Suren"]
[Result "0-1"]
[WhiteElo "2628"]
[BlackElo "2505"]
[TimeControl "180+1"]
[EndTime "11:48:25 PDT"]
[Termination "Poghosyan_Suren won on time"]

1. c4 c5 2. Nf3 Nc6 3. Nc3 g6 4. e3 Bg7 5. d4 d6 6. d5 Nb8 7.
h3 Nf6 8. e4 O-O 9. Bd3 a6 10.
a4 e6 11. O-O exd5 12. cxd5 Re8 13. Bf4 Qc7 14. Rc1 Nbd7 15. b4 b6 16. Re1 Nh5 17.
Bh2 Ne5 18. bxc5 bxc5 19. Be2 Qa5 20. Nxe5 Bxe5 21. Bxe5 Rxe5 22. Bxh5 Rxh5 23. f4 Qb4 24. Qf3 Bd7 25. Kh2 Re8 26. f5 Qd4 27. g4 Qe5+ 28. Qg3 Rh6 29. Rb1 Qd4 30. Qe3 Qe5+ 31.
Qg3 Qd4 32. Red1 Qc4 33. Rbc1 g5 34. Qe3 f6 35. Ra1 Rb8 36. Rdb1 Rb3 37. Rxb3 Qxb3 38. Rb1 Qc2+ 39. Kg3 Rh4 40. Rb8+ Kf7 41. Rb7 Ke7 42. Ne2 h5 43. gxh5 Rxe4 0-1

[Event "*** Titled Tuesday Blitz"]
[Site "Chess.com"]
[Date "2020.05.05"]
[Round "9"]
[White "nickmatta"]
[Black "konradrutkowski"]
[Result "0-1"]
[WhiteElo "2436"]
[BlackElo "2223"]
[TimeControl "180+1"]
[EndTime "11:48:26 PDT"]
[Termination "konradrutkowski won by resignation"]

1. d4 Nf6 2. c4 g6 3. Nc3 Bg7 4. e4 O-O 5. Bd3 Nc6 6. Nge2 e5 7. d5 Nd4 8. O-O c5 9. Bg5 Qb6 10. Qd2 d6 11. f4 h6 12. fxe5 dxe5 13. Bxh6 Bxh6 14.
Qxh6 Ng4 15. Qd2 Kg7 16. h3 Nf6 17. Rf2 Ne8 18. Nxd4 cxd4 19. Na4 Qd8 20. c5 Bd7 21. b3 Rc8 22. Rc1 Qe7 23. d6 Qh4 24. Nb2 b6 25. b4 Nf6 26. Rcf1 Nxe4 27. Bxe4 Qxe4 28. Qg5 Bc6 29. Nc4 Rce8 30. Nd2 Qd5 31. Qf6+ Kg8 32.
Rc1 Re6 33. Qg5 e4 34. Qxd5 Bxd5 35. Re2 e3 36. Nf1 Rfe8 37. c6 Rxd6 38. c7 Rc8 39.
Rd1 Bb7 40. Rxe3 Rxc7 41. Red3 Rcd7 42. Ng3 Ba6 43. R3d2 d3 44. Ne4 Re6 45. Ng5 Re3 46. Nf3 Rc7 47. Kf2 Re2+ 48. Rxe2 dxe2 49. Rd8+ Kg7 50. Ra8 Rc1 51. a4 Rf1+ 52. Kg3 Rxf3+ 53. Kxf3 e1=Q 54. Rxa7 Qe2+ 55. Kg3 Qe3+ 56. Kh2 Bd3 57. b5 Be4 0-1

[Event "*** Titled Tuesday Blitz"]
[Site "Chess.com"]
[Date "2020.05.05"]
[Round "9"]
[White "mbachez"]
[Black "lamomiablanca"]
[Result "0-1"]
[WhiteElo "2434"]
[BlackElo "2178"]
[TimeControl "180+1"]
[EndTime "11:48:27 PDT"]
[Termination "lamomiablanca won by resignation"]

1. e4 c5 2. Nf3 Nc6 3. Bb5 g6 4. c3 Nf6 5. Qe2 Bg7 6. O-O O-O 7. h3 e5 8. Na3 d6 9. Rd1 Qc7 10. d3 a6 11. Ba4 b5 12. Bb3 h6 13. Nh4 Kh7 14. Nc2 Na5 15. Ne3 Nxb3 16. axb3 Be6 17.
c4 b4 18. Bd2 a5 19. Kh2 Qc6 20. Nd5 a4 21. bxa4 Rxa4 22. Qe3 Bxd5 23. exd5 Qd7 24. f4 Rxa1 25. Rxa1 exf4 26. Qxf4 Nxd5 27. Qf3 Ne7 28.
Bc1 Qe6 29. Qf1 Nf5 30. Nf3 Nd4 31. Ra6 Nxf3+ 32. Qxf3 Qe5+ 33. Bf4 Qxb2 34. Bxd6 Be5+ 35. Bxe5 Qxe5+ 36. Qg3 Qxg3+ 37. Kxg3 Rd8 38. Rc6 Rxd3+ 39. Kh2 Rc3 40. Rxc5 b3 41. Rb5 Kg7 42. c5 Kf6 43. c6 Ke6 44. Rb7 Kd6 45. Rxf7 Rxc6 46. Rb7 Rc3 47.
Rb6+ Kc5 48. Rb8 Kc4 49. h4 Rc2 50. Kg3 b2 51. Kf3 Rc3+ 0-1

[Event "*** Titled Tuesday Blitz"]
[Site "Chess.com"]
[Date "2020.05.05"]
[Round "9"]
[White "vladislavkovalev"]
[Black "GM_Levan_Pantsulaia"]
[Result "1-0"]
[WhiteElo "2900"]
[BlackElo "2793"]
[TimeControl "180+1"]
[EndTime "11:48:28 PDT"]
[Termination "vladislavkovalev won on time"]

1. e4 c5 2. Be2 Nc6 3. d3 g6 4. f4 Bg7 5. Nf3 d6 6. O-O Bg4 7. c3 Nf6 8. Be3 O-O 9. Nbd2 Rc8 10. h3 Bd7 11. a3 b5 12. d4 cxd4 13. cxd4 Na5 14. d5 Qc7 15. Nd4 Qb7 16. Bf3 Rc7 17.
Qe2 Rfc8 18. Rae1 b4 19. axb4 Qxb4 20. Qf2 Nc4 21. Nxc4 Qxc4 22. b3 Qd3 23. Rd1 Qa6 24.
e5 Ne8 25. e6 fxe6 26. Nxe6 Bxe6 27. dxe6 Rc2 28. Qh4 Bf6 29. Qg4 Ng7 30. Be4 R2c3 31. Bf2 Rxb3 32. f5 gxf5 33. Bxf5 Rc4 34. Be4 Qa4 35.
Rc1 Rbb4 36. Rxc4 Rxc4 37. Rb1 Kh8 38. Rb8+ Ne8 39. Qh5 Qa1+ 40. Bb1 Rc1+ 41. Kh2 Qe5+ 42. Qxe5 Bxe5+ 43. Bg3 Bxg3+ 44. Kxg3 Kg7 45. Rxe8 Rxb1 46. Rxe7+ Kf6 47. Rxh7 a5 48. e7 Re1 49. Rh5 1-0

[Event "*** Titled Tuesday Blitz"]
[Site "Chess.com"]
[Date "2020.05.05"]
[Round "9"]
[White "chessdjw"]
[Black "MilanovicDan"]
[Result "0-1"]
[WhiteElo "2652"]
[BlackElo "2531"]
[TimeControl "180+1"]
[EndTime "11:48:28 PDT"]
[Termination "MilanovicDan won on time"]

1. e4 d5 2. exd5 Qxd5 3. Nc3 Qd6 4. Nf3 Nf6 5. d4 c6 6. g3 Bf5 7. Bg2 e6 8. O-O h6 9. Bf4 Qd8 10. Re1 Be7 11. Na4 Nbd7 12. c4 O-O 13. Nc3 a5 14. h3 Qb6 15. b3 Rfe8 16. c5 Qd8 17. Rc1 Nd5 18. Nxd5 exd5 19. Ne5 Nxe5 20. Rxe5 Qd7 21. Qd2 Bf6 22. Rxe8+ Rxe8 23. Kh2 Be4 24. Re1 Bxg2 25. Kxg2 Rxe1 26. Qxe1 Bxd4 27. Qxa5 Qe7 28. Be3 Bxe3 29. fxe3 Qxe3 30. Qa8+ Kh7 31. Qxb7 d4 32.
Qxf7 d3 33. Qf5+ Kg8 34. Qc8+ Kf7 35. Qd7+ Kf6 36. Qd6+ Kf5 37. Qd7+ Ke4 38. Qxc6+ Kd4 39. Qd7+ Kc3 40. Qxg7+ Kc2 41. Qg6 Kb2 42. Qf6+ Kc1 43.
c6 d2 44. c7 Qc5 45. Qf5 Qxf5 0-1

[Event "*** Titled Tuesday Blitz"]
[Site "Chess.com"]
[Date "2020.05.05"]
[Round "9"]
[White "GM_DarwinLaylo"]
[Black "Ceejay271"]
[Result "1-0"]
[WhiteElo "2523"]
[BlackElo "2372"]
[TimeControl "180+1"]
[EndTime "11:48:29 PDT"]
[Termination "GM_DarwinLaylo won by resignation"]

1. c4 e6 2. Nc3 d5 3. d4 Nf6 4. Nf3 Nbd7 5. Bg5 Be7 6. e3 h6 7. Bh4 O-O 8. Qc2 c5 9. dxc5 dxc4 10. Rd1 Qc7 11. Bxc4 Qxc5 12. Bb3 b5 13. O-O b4 14. Na4 Qxc2 15. Bxc2 Bb7 16. Nd4 Rac8 17. Bb3 Nc5 18. Nxc5 Rxc5 19. f3 Rfc8 20. e4 Ba6 21.
Rfe1 Bc4 22. Bf2 Bxb3 23. axb3 a5 24. Ra1 Bd8 25. Red1 e5 26. Ne6 Bb6 27. Nxc5 Bxc5 28. Bxc5 Rxc5 29. Rdc1 Rb5 30. Rc8+ Kh7 31. Ra8 Rc5 32.
R8xa5 Rc2 33. Rb1 Nh5 34. g3 Nf6 35. Rxe5 Nd7 36. Rb5 Nc5 37. Rxb4 Nd3 38. Rc4 Rd2 39. Rc3 Nxb2 40. b4 Nd1 41. Rcb3 Nf2 42. R3b2 Nh3+ 43. Kf1 1-0

[Event "*** Titled Tuesday Blitz"]
[Site "Chess.com"]
[Date "2020.05.05"]
[Round "9"]
[White "cstevens1"]
[Black "PlayChessSimple"]
[Result "0-1"]
[WhiteElo "2603"]
[BlackElo "2499"]
[TimeControl "180+1"]
[EndTime "11:48:30 PDT"]
[Termination "PlayChessSimple won on time"]

1. e4 e6 2. d4 d5 3. e5 c5 4. c3 Nc6 5. Nf3 Bd7 6. a3 c4 7. Nbd2 Na5 8. g3 Bc6 9. Bh3 Qd7 10. O-O Ba4 11. Qe2 Ne7 12. Re1 h6 13.
Nf1 O-O-O 14. Ne3 Nec6 15. Nd2 Be7 16. f4 g6 17. Rf1 h5 18. Nf3 Nb3 19. Rb1 Nxc1 20.
Rbxc1 Na5 21. Rce1 Kb8 22. Ng5 Rhf8 23. Nh7 Rh8 24.
Nf6 Qc6 25. Ng2 Nb3 26. Nh4 b5 27. Nf3 Qb7 28. Ng5 Rhf8 29. Nfh7 Rh8 30. Nxf7 Rxh7 31. Nxd8 Bxd8 32. Bxe6 Re7 33. Bh3 a5 34. Bg2 b4 35.
axb4 axb4 36. f5 gxf5 37. Qxh5 Ba5 38. Re3 bxc3 39. bxc3 Nd2 40. Ra1 Qb3 41. Qxf5 Bxc3 42. Qf8+ Re8 43. Qd6+ Kc8 44. Qxd5 Qb2 45. Rae1 Bxd4 0-1

[Event "*** Titled Tuesday Blitz"]
[Site "Chess.com"]
[Date "2020.05.05"]
[Round "9"]
[White "Sweafty"]
[Black "Kingsman132"]
[Result "1-0"]
[WhiteElo "2515"]
[BlackElo "2370"]
[TimeControl "180+1"]
[EndTime "11:48:31 PDT"]
[Termination "Sweafty won on time"]

1. Nf3 d5 2. c4 c6 3. g3 Nf6 4.
Bg2 dxc4 5. O-O e6 6. a4 Nbd7 7.
Qc2 Nc5 8. Qxc4 Be7 9. d4 Ncd7 10. Nc3 a5 11. e4 O-O 12. Bf4 b6 13. Rfd1 Bb4 14.
Qe2 Ba6 15. Qc2 h6 16. Ne5 Nxe5 17. dxe5 Nd7 18. Na2 Bc5 19. Nc1 Qc7 20. Nd3 Be7 21. Rac1 c5 22. Qc3 Rfd8 23. b3 Nb8 24. Nb2 Nc6 25. Nc4 Bxc4 26. Qxc4 Rxd1+ 27. Rxd1 Rd8 28. Rc1 Rd4 29. Qa6 Bg5 30. Bxg5 hxg5 31. f4 gxf4 32. gxf4 Qd8 33. Qe2 Rd2 34. Qg4 Qd4+ 35. Kh1 Nb4 36. Rf1 Nd3 37. h3 Nf2+ 38. Rxf2 Rxf2 39. Qg5 Qd1+ 40. Kh2 Qd2 41. Kg1 Qe1+ 42. Kh2 Qxe4 43. Qd8+ Kh7 44. Qg5 1-0

[Event "*** Titled Tuesday Blitz"]
[Site "Chess.com"]
[Date "2020.05.05"]
[Round "9"]
[White "Witaliss"]
[Black "BikingBrian"]
[Result "1-0"]
[WhiteElo "2451"]
[BlackElo "2275"]
[TimeControl "180+1"]
[EndTime "11:48:31 PDT"]
[Termination "Witaliss won by checkmate"]

1. d4 Nf6 2. c4 g6 3. Nc3 Bg7 4. e4 d6 5. Be2 O-O 6. Bg5 c5 7. d5 e6 8. Qd2 exd5 9. cxd5 Re8 10. f3 a6 11. a4 Qc7 12. Bd1 Nbd7 13. Nge2 Ne5 14. O-O Rb8 15. a5 b5 16. axb6 Qxb6 17. Na4 Qb4 18. Qxb4 Rxb4 19. Bd2 Rb8 20. Bc3 Nc4 21.
Bc2 Ne3 22. Rfc1 Nxc2 23. Rxc2 Nd7 24. Bxg7 Kxg7 25. Nac3 Ne5 26. Nd1 Rb3 27. Rc3 Rxc3 28. Nexc3 Nc4 29. Ra4 Nb6 30. Ra3 Bb7 31. Rb3 Bxd5 32.
Rxb6 Bc4 33. Rxd6 Rb8 34. Rc6 Bb3 35. Rxc5 Rd8 36. Ne3 Rd2 37. Rc6 Rxb2 38. Rxa6 Be6 39. Ncd5 Re2 40. h4 Bxd5 41. Nxd5 h5 42. Ra7 Rd2 43.
Kh2 Rc2 44. Kg3 Rb2 45. e5 Re2 46. f4 Re4 47. Kf3 Re1 48. Nf6 Rb1 49. Ra8 Rb3+ 50. Kf2 Rb2+ 51. Kg3 Rb3+ 52. Kh2 Rb4 53. g3 Rb2+ 54. Kh3 Rb1 55. Rg8+ Kh6 56. Rh8+ Kg7 57. Rh7+ Kf8 58. Ne4 Rh1+ 59. Kg2 Re1 60. Ng5 f6 61. exf6 Re2+ 62. Kf3 Ra2 63. Rh8# 1-0

[Event "*** Titled Tuesday Blitz"]
[Site "Chess.com"]
[Date "2020.05.05"]
[Round "9"]
[White "pandamaster3000"]
[Black "djano"]
[Result "1-0"]
[WhiteElo "2324"]
[BlackElo "2419"]
[TimeControl "180+1"]
[EndTime "11:48:32 PDT"]
[Termination "pandamaster3000 won on time"]

1. e4 e5 2. Nf3 Nc6 3. Bb5 a6 4. Ba4 Nf6 5. d4 exd4 6. O-O Be7 7. Re1 O-O 8. e5 Nd5 9. Nxd4 Nb6 10. Bb3 d5 11. exd6 Bxd6 12. Nxc6 bxc6 13. Qf3 c5 14. Be3 Rb8 15. Nd2 c4 16. Nxc4 Nxc4 17. Bxc4 Qh4 18. Bb3 Qxh2+ 19. Kf1 a5 20. Qc6 Bg4 21. f3 Bf5 22.
Bg1 Qh1 23. Rad1 Bg3 24. Re7 Bh2 25. Qc5 Bd6 26. Rxd6 cxd6 27. Qxf5 d5 28. Qxd5 Rbd8 29. Rd7 Rxd7 30. Qxd7 Qh6 31. Bc5 Rb8 32. Qxf7+ Kh8 33.
Bd4 a4 34. Bxa4 Qc1+ 35. Ke2 Qh6 36. Bb3 Rd8 37. Bc3 Qa6+ 38. Bc4 Qh6 39. a4 Qg5 40. Kf2 Qc5+ 41. Kg3 Qg5+ 42. Kh3 Qh6+ 43. Kg4 Rc8 44. b3 Rd8 45. a5 Ra8 46. a6 Rd8 47. a7 1-0